Map: Odyssey LE

Players

NightEnD

  • Race: Protoss Protoss
  • League: Master
  • Spawn Location: 5:00

Namshar - Winner!

  • Race: Zerg Zerg
  • League: Grandmaster
  • Spawn Location: 11:00

Event: HomeStory Cup XVI

VOD

Have the link to the VOD?

Description

Time

  • Played on: Nov. 10, 2017, 4:11 p.m.
  • Length: 22:48

All games in this series

Show
View Real Time Build Order
Export as new Build Order

NightEnD Protoss 

Build Orders: 1 Gate Expand, Colossus Rush 

Get SALT Encoding   

  12  0:02  Probe (Chrono Boost)  
  14  0:14  Probe (Chrono Boost)  
  14  0:19  Pylon  
  14  0:26  Probe (Chrono Boost)  
  15  0:35  Probe (Chrono Boost)  
  15  0:38  Gateway  
  16  0:43  Probe (Chrono Boost)  
  16  0:49  Assimilator  
  17  0:55  Probe (Chrono Boost)  
  18  1:07  Probe (Chrono Boost)  
  20  1:19  Probe (Chrono Boost)  
  20  1:27  Nexus  
  21  1:33  Probe (Chrono Boost)  
  21  1:39  Cybernetics Core  
  21  1:45  Probe (Chrono Boost)  
  22  1:47  Assimilator  
  22  1:54  Pylon  
  22  2:00  Probe (Chrono Boost)  
  22  2:01  Zealot  
  23  2:06  Warp Gate  
  23  2:14  Probe (Chrono Boost)  
  26  2:19  Stalker  
  26  2:26  Probe (Chrono Boost)  
  29  2:35  Probe (Chrono Boost)  
  30  2:38  Probe (Chrono Boost)  
  30  2:43  Probe (Chrono Boost)  
  31  2:50  Probe (Chrono Boost), Sentry  
  35  2:55  Probe (Chrono Boost)  
  36  2:59  Gateway  
  36  3:02  Probe (Chrono Boost)  
  36  3:04  Probe (Chrono Boost)  
  38  3:07  Shield Battery  
  38  3:10  Probe (Chrono Boost)  
  38  3:15  Probe (Chrono Boost)  
  38  3:17  Gateway  
  38  3:18  Sentry  
  42  3:21  Probe (Chrono Boost)  
  42  3:24  Pylon  
  43  3:30  Pylon  
  43  3:32  Probe (Chrono Boost)  
  44  3:36  Probe (Chrono Boost)  
  45  3:44  Probe (Chrono Boost)  
  47  3:48  Probe (Chrono Boost)  
  47  3:51  Assimilator  
  47  3:53  Pylon  
  47  3:54  Assimilator  
  48  3:56  Probe (Chrono Boost)  
  48  4:00  Probe (Chrono Boost)  
  49  4:07  Twilight Council  
  49  4:08  Forge, Probe (Chrono Boost)  
  50  4:12  Probe (Chrono Boost)  
  50  4:14  Sentry  
  50  4:15  Sentry  
  55  4:19  Probe (Chrono Boost)  
  55  4:21  Probe (Chrono Boost), Robotics Facility  
  57  4:26  Probe (Chrono Boost)  
  59  4:33  Probe (Chrono Boost)  
  60  4:39  Probe (Chrono Boost)  
  60  4:45  Probe (Chrono Boost), Protoss Ground Weapons Level 1  
  61  4:46  Blink  
  61  4:51  Nexus, Probe (Chrono Boost)  
  61  4:52  Pylon  
  62  4:57  Probe (Chrono Boost)  
  63  5:03  Probe (Chrono Boost)  
  63  5:06  Sentry x2  
  68  5:09  Probe (Chrono Boost)  
  68  5:11  Robotics Bay  
  70  5:15  Probe (Chrono Boost)  
  70  5:17  Pylon  
  71  5:21  Probe (Chrono Boost)  
  71  5:27  Probe (Chrono Boost)  
  72  5:31  Observer  
  72  5:33  Probe (Chrono Boost)  
  72  5:34  Colossus  
  73  5:36  Gateway  
  73  5:37  Gateway  
  73  5:39  Probe (Chrono Boost), Pylon  
  75  5:44  Stalker  
  75  5:45  Stalker, Probe (Chrono Boost)  
  81  5:51  Probe (Chrono Boost)  
  81  5:56  Shield Battery  
  82  5:57  Probe (Chrono Boost)  
  82  6:03  Probe (Chrono Boost)  
  90  6:05  Probe (Chrono Boost)  
  90  6:07  Colossus  
  90  6:09  Shield Battery, Probe (Chrono Boost)  
  91  6:15  Probe (Chrono Boost)  
  91  6:17  Assimilator x2, Probe (Chrono Boost)  
  93  6:22  Probe (Chrono Boost)  
  93  6:23  Gateway  
  94  6:30  Stalker x3  
  106  6:33  Photon Cannon  
  106  6:39  Photon Cannon  
  106  6:41  Pylon  
  106  6:43  Photon Cannon  
  106  6:44  Observer  
  106  6:45  Protoss Ground Weapons Level 2  
  106  6:47  Photon Cannon  
  106  6:49  Stalker  
  108  6:54  Extended Thermal Lance  
  108  7:10  Stalker x4  
  108  7:12  Photon Cannon  
  116  7:22  Stalker  
  116  7:24  Warp Prism  
  117  7:37  Pylon x2  
  117  7:38  Pylon  
  117  7:41  Colossus  
  117  7:43  Gateway x2  
  116  7:46  Gateway  
  116  7:47  Gateway  
  116  7:49  Pylon  
  116  7:50  Pylon  
  116  7:54  Templar Archives  
  116  7:55  Pylon  
  122  8:07  Stalker x6  
  134  8:18  Pylon  
  134  8:41  Zealot  
  134  8:42  Zealot x2  
  134  8:43  Zealot x3  
  134  8:44  Nexus  
  144  9:01  Charge  
  136  9:13  High Templar x2  
  136  9:14  High Templar x4  
  136  9:15  Stalker x3  
  136  9:16  Stalker  
  152  9:19  Archon  
  152  9:20  Archon x2  
  148  9:24  Photon Cannon  
  148  9:25  Photon Cannon  
  148  9:28  Photon Cannon  
  148  9:30  Photon Cannon  
  131  9:37  Shield Battery  
  130  9:40  Pylon  
  126  10:05  High Templar x2  
  130  10:10  Archon  
  119  11:19  Nexus  
  119  11:31  Pylon  
  119  11:33  Pylon  
  119  12:37  Assimilator  
  119  12:48  Assimilator  
  119  12:51  Assimilator  
  119  13:12  Pylon  
  119  13:14  Pylon  
  119  13:32  Gateway  
  119  14:15  Pylon  
  119  14:17  Pylon  
  119  14:19  Pylon  
  119  14:20  Pylon  
  119  14:23  Pylon  
  89  16:58  Assimilator  
  78  17:20  Assimilator  
  77  17:38  Assimilator  
  77  17:46  Assimilator  
  77  18:07  Assimilator  
  77  18:20  Nexus  
  75  19:00  Assimilator  
  63  19:37  Assimilator  
  62  20:00  Assimilator  
  59  21:14  Assimilator  
  58  21:38  Assimilator  
  57  21:57  Assimilator  
Show
View Real Time Build Order
Export as new Build Order

Namshar Zerg - Winner!

Build Orders: Hatch First 

Get SALT Encoding   

  12  0:00  Drone  
  13  0:12  Overlord  
  13  0:16  Drone  
  14  0:30  Drone x2  
  14  0:34  Drone  
  17  0:51  Hatchery  
  17  0:53  Drone  
  17  0:57  Drone  
  18  1:08  Extractor  
  17  1:12  Spawning Pool  
  17  1:16  Drone  
  17  1:19  Drone  
  18  1:27  Drone  
  19  1:38  Overlord  
  19  1:49  Drone  
  20  1:58  Queen  
  20  1:59  Zergling x2  
  23  2:02  Queen  
  23  2:03  Zergling x2  
  23  2:08  Metabolic Boost  
  26  2:11  Drone  
  26  2:13  Drone  
  28  2:21  Drone  
  29  2:25  Drone  
  30  2:35  Hatchery  
  30  2:36  Drone  
  30  2:44  Queen  
  30  2:48  Overlord  
  32  2:53  Drone  
  32  2:54  Drone  
  32  2:58  Drone x2  
  36  3:08  Drone  
  36  3:09  Overlord, Drone x2  
  36  3:12  Drone  
  40  3:17  Drone  
  41  3:20  Queen  
  41  3:26  Drone  
  44  3:34  Overlord  
  44  3:35  Lair  
  44  3:36  Drone  
  44  3:41  Drone x4  
  48  3:45  Evolution Chamber  
  48  3:50  Extractor  
  48  3:51  Extractor  
  48  3:54  Drone  
  48  3:55  Drone x4  
  52  4:02  Drone  
  52  4:03  Drone  
  52  4:08  Overlord  
  53  4:10  Drone x2  
  53  4:16  Zerg Missile Weapons Level 1  
  55  4:18  Drone  
  55  4:19  Extractor  
  55  4:25  Drone  
  55  4:26  Drone x3  
  55  4:27  Drone  
  60  4:32  Overlord  
  60  4:33  Overlord  
  60  4:36  Hydralisk Den  
  59  4:41  Drone x7  
  59  4:45  Overlord  
  66  4:58  Drone, Hatchery  
  66  4:59  Drone  
  67  5:01  Drone x3  
  67  5:02  Extractor, Overlord, Drone  
  67  5:04  Drone x3  
  73  5:07  Overlord  
  73  5:12  Muscular Augments  
  73  5:13  Overlord  
  73  5:19  Overlord  
  73  5:26  Hydralisk x4  
  80  5:30  Overlord  
  80  5:33  Hydralisk x3  
  86  5:39  Hydralisk x2  
  90  5:48  Overlord x2, Hydralisk x2  
  90  5:49  Hydralisk  
  96  5:53  Hydralisk x2  
  100  5:59  Hydralisk x3  
  106  6:07  Hydralisk x2  
  110  6:11  Hydralisk  
  110  6:12  Zergling x6  
  110  6:14  Hydralisk  
  110  6:15  Zergling x6  
  120  6:20  Overlord x2  
  120  6:31  Zergling x8  
  124  6:33  Queen  
  126  6:41  Overlord  
  126  6:42  Overseer  
  126  6:43  Zergling x22  
  137  6:51  Overlord  
  137  6:54  Spire, Zerg Melee Weapons Level 1  
  137  6:58  Zergling x6  
  136  7:02  Zergling x2  
  136  7:03  Zergling x4  
  135  7:10  Drone  
  135  7:11  Extractor, Drone x3  
  138  7:16  Zergling x12  
  131  7:28  Extractor, Overlord, Drone x3  
  129  7:30  Drone  
  129  7:33  Hatchery  
  128  7:37  Drone  
  128  7:38  Drone x2  
  131  8:01  Hatchery  
  129  8:06  Mutalisk  
  129  8:07  Mutalisk x12  
  155  8:20  Mutalisk x2  
  155  8:22  Overlord  
  155  8:24  Zergling x2  
  155  8:25  Zergling x14  
  166  8:35  Mutalisk x2  
  166  8:36  Mutalisk  
  155  8:50  Mutalisk x3  
  155  8:52  Zergling x18  
  163  9:13  Zergling x8  
  163  9:14  Zergling x8  
  147  9:25  Mutalisk x5  
  154  9:32  Spine Crawler  
  154  9:33  Spine Crawler  
  154  9:34  Spine Crawler x2  
  154  9:36  Spine Crawler x2  
  154  9:38  Spine Crawler x2  
  142  9:39  Spine Crawler  
  142  9:43  Mutalisk x3  
  134  9:51  Mutalisk  
  125  9:53  Zergling x10  
  125  9:54  Zergling x2  
  125  9:55  Zergling x4  
  129  10:07  Zergling x2  
  129  10:08  Zergling x8  
  110  10:29  Mutalisk x2  
  110  10:30  Mutalisk x2  
  110  10:32  Mutalisk x2  
  110  11:06  Hatchery  
  110  11:08  Hatchery  
  104  12:28  Spawning Pool  
  103  12:43  Hatchery  
  102  12:48  Drone x6  
  108  12:52  Extractor  
  108  12:56  Extractor  
  106  12:59  Drone x2  
  108  13:15  Lair  
  108  13:18  Roach Warren  
  108  13:19  Drone x2  
  109  13:20  Queen  
  109  13:26  Overlord  
  109  13:27  Extractor, Overlord  
  110  13:41  Drone x2  
  112  13:53  Baneling Nest  
  111  13:56  Queen  
  111  13:58  Queen  
  111  14:02  Drone x5  
  120  14:11  Drone  
  120  14:14  Spire  
  120  14:15  Drone x4  
  124  14:17  Extractor  
  123  14:26  Queen  
  123  14:29  Drone x2  
  127  14:36  Drone  
  127  14:37  Drone x2  
  130  14:45  Infestation Pit, Extractor  
  127  14:51  Centrifical Hooks, Drone x2  
  128  14:57  Evolution Chamber  
  120  15:06  Baneling x5  
  120  15:07  Baneling x2  
  120  15:15  Roach x3  
  120  15:16  Roach x2  
  109  15:37  Drone x4  
  113  15:46  Mutalisk x2, Hatchery  
  113  15:49  Mutalisk  
  116  15:54  Drone x3  
  121  16:01  Drone x2  
  123  16:10  Hatchery  
  122  16:15  Mutalisk  
  124  16:19  Drone  
  124  16:23  Mutalisk  
  127  16:33  Drone  
  127  16:35  Spawning Pool  
  127  16:38  Mutalisk  
  129  16:40  Roach  
  129  16:41  Roach x2  
  134  16:52  Mutalisk  
  136  17:00  Mutalisk  
  127  17:06  Mutalisk x2  
  131  17:20  Mutalisk  
  131  17:22  Zergling x4  
  134  17:24  Hatchery  
  132  17:33  Mutalisk  
  134  18:23  Spawning Pool  
  134  18:25  Drone  
  133  19:01  Drone x3  
  123  19:10  Hatchery  
  116  19:27  Zergling x4  
  117  20:14  Extractor, Zergling x6  
  114  20:36  Hatchery  
  113  21:36  Hatchery  
  112  21:50  Extractor  
  111  22:20  Hatchery  
  111  22:30  Drone x2  
Tags
 
Add a new tag
Caveats
  • Supply blocks, unpowered buildings, or Contaminate may cause inaccurate times.
  • Supply counts are checked every 10 seconds.